 Dungeon Crawl Stone Soup version 0.28.0-43-g3370ac3207 (webtiles) character file.

Game seed: 15677610570054281196

92 fknight the Chopper (level 4, -1/41 HPs)
             Began as a Hill Orc Monk on Mar 2, 2022.
             Slain by a gnoll shaman
             ... wielding a +0 whip
              (5 damage)
             ... on level 3 of the Dungeon.
             The game lasted 00:06:51 (3135 turns).

fknight the Chopper (Hill Orc Monk)                 Turns: 3135, Time: 00:06:52

Health: -1/41      AC:  5    Str: 15    XL:     4   Next: 60%
Magic:  4/4        EV: 11    Int: 10    God:
Gold:   76         SH:  0    Dex: 13    Spells: 3/3 levels left

rFire   . . .      SeeInvis .   a - +0 hand axe
rCold   . . .      Faith    .   (no shield)
rNeg    . . .      Spirit   .   j - +0 ring mail
rPois   .          Reflect  .   (no helmet)
rElec   .          Harm     .   (no cloak)
rCorr   +          Rampage  .   (no gloves)
Will    .....                   (no boots)
Stlth   +.........              (no amulet)
HPRegen 0.13/turn               k - ring of resist corrosion
MPRegen 0.09/turn               (no ring)

@: lit by a corona, about to teleport, glowing
A: no striking features
a: no special abilities


You were on level 3 of the Dungeon.
You visited 1 branch of the dungeon, and saw 3 of its levels.

You collected 76 gold pieces.

Inventory:

Hand Weapons
 a - a +0 hand axe (weapon)
 l - a +0 hunting sling
Missiles
 c - 4 poisoned darts
 d - 53 stones (quivered)
 i - 24 bolts
Armour
 b - a +0 robe
 j - a +0 ring mail (worn)
Jewellery
 g - an amulet of faith
 k - a ring of resist corrosion (left hand)
 p - a ring of see invisible
Scrolls
 h - 2 scrolls of identify
 m - a scroll of vulnerability
 o - a scroll of magic mapping {unknown}
Potions
 n - a potion of lignification {unknown}


   Skills:
 + Level 4.4 Fighting
 + Level 4.9 Axes
 + Level 3.0 Dodging
 + Level 2.4 Stealth


You had 3 spell levels left.
You didn't know any spells.
Your spell library contained the following spells:

 Spells                   Type           Power      Damage    Failure   Level
 Freeze                   Ice            0%         1d3       58%         1
 Frozen Ramparts          Ice            0%         1d2       92%         3
 Hailstorm                Conj/Ice       0%         3d3       100%        4


Dungeon Overview and Level Annotations

Branches:
Dungeon (3/15)

Altars:


Message History

The gnoll is moderately wounded.
The gnoll shaman calls upon its god to speed up the gnoll.
The gnoll seems to speed up.
You shoot a stone.
The stone hits the gnoll shaman but does no damage.
You shoot a stone.
The stone completely misses the gnoll shaman.
You shoot a stone.
The stone barely misses the gnoll shaman.
A gnoll comes into view. It is wielding a +0 flail.
a - a +0 hand axe (weapon)
The gnoll shaman hits you with a +0 whip!
You hit the gnoll shaman but do no damage.
The gnoll shaman barely misses you.
You hit the gnoll shaman but do no damage.
The gnoll shaman calls upon its god to heal the gnoll.
The gnoll's wounds heal themselves!
You hit the gnoll shaman but do no damage.
The gnoll shaman hits you with a +0 whip.
You closely miss the gnoll shaman.
The gnoll shaman calls down the wrath of its god upon you.
You are outlined in light.
You barely miss the gnoll shaman.
The gnoll shaman hits you with a +0 whip.
You closely miss the gnoll shaman.
The gnoll shaman hits you with a +0 whip.
You hit the gnoll shaman.
The gnoll shaman is lightly wounded.
The gnoll shaman hits you with a +0 whip!
You hit the gnoll shaman but do no damage.
The gnoll shaman is lightly wounded.
The gnoll shaman hits you with a +0 whip!
* * * LOW HITPOINT WARNING * * *
You feel better.
The gnoll shaman hits you with a +0 whip!
* * * LOW HITPOINT WARNING * * *
As you read the scroll of teleportation, it crumbles to dust.
You feel strangely unstable.
The gnoll shaman hits you with a +0 whip.
You die...

#..##..#.##.###.#
#...........###.#
#.###..#........#
#......##########
######.# # #.# .. ###
#.# #.# ##.###.#
######## #..###@#.##<#
#......#
#.ggg###.#.####.####.#
#((###.#)..........##.#
..(. #........##.#.....
###g #####...###...##.#
# ##.## #.####.# #.#
#......# #.# ########
##รท##


You could see a gnoll shaman and 2 gnolls.

Vanquished Creatures
  2 adders (D:3)
  A gnoll (D:3)
  A worm (D:3)
  A dart slug (D:1)
  10 ball pythons
  6 endoplasms
  2 giant cockroaches (D:2)
  4 goblins
  5 hobgoblins
  2 quokkas
  9 bats
  3 frilled lizards
  6 kobolds
  6 rats
58 creatures vanquished.

Notes
Turn   | Place    | Note
-------+----------+-------------------------------------------
     0 | D:1      | fknight the Hill Orc Monk began the quest for the Orb.
     0 | D:1      | Reached XP level 1. HP: 19/19 MP: 1/1
   250 | D:1      | Reached XP level 2. HP: 13/27 MP: 2/2
   691 | D:1      | Found a faded altar of an unknown god.
   741 | D:1      | Reached XP level 3. HP: 26/33 MP: 3/3
  2307 | D:3      | Reached XP level 4. HP: 40/40 MP: 4/4
  3135 | D:3      | Slain by a gnoll shaman

Illustrated notes

Levels and vault maps discovered:
D:1:      elethiomel_arrival_quiet, layout_basic,
          hellmonk_ecumenical_altar_heavens_door
D:2:      layout_basic
D:3:      layout_loops_corners, minmay_misc_feat_hallway

Skill      XL: |  1  2  3  4 |
---------------+-------------+-----
Fighting       | 4 |  4.4
Stealth        | 2 |  2.4
Dodging        | 3 |  3.0
Axes           | |  4.9

Action                   |  1- 3 |  4- 6 || total
-------------------------+-------+-------++-------
Melee: Hand axe          |    96 |    38 ||   134
       Punch             |     1 |       ||     1
 Fire: Hunting sling     |    24 |    37 ||    61
Throw: Stone             |    13 |       ||    13
  Use: Scroll            |     3 |     1 ||     4
       Potion            |       |     1 ||     1
 Stab: Sleeping          |     2 |       ||     2
Armor: Robe              |    19 |       ||    19
       Ring mail         |     3 |    11 ||    14
Dodge: Dodged            |    69 |    30 ||    99
